 Dungeon Crawl Stone Soup version 0.29-a0-2-g12fcac58f8 (webtiles) character file.

Game seed: 6365120249348032057

177 dolemite99 the Cudgeller (level 5, 0/41 HPs)
             Began as a Demonspawn Fighter on Jan 27, 2022.
             Killed by an exploding adder (26 damage)
             ... ignited by their inner flame
             ... on level 4 of the Dungeon.
             The game lasted 00:03:23 (3400 turns).

dolemite99 the Cudgeller (Demonspawn Fighter)       Turns: 3400, Time: 00:03:24

Health: 0/41       AC: 13    Str: 18 (19) XL:     5   Next: 31%
Magic:  5/5        EV:  4    Int:  8 (9)  God:
Gold:   216        SH:  4    Dex: 11 (12) Spells: 4/4 levels left

rFire   . . .      SeeInvis .   b - +1 whip (drain)
rCold   . . .      Faith    .   c - +0 buckler
rNeg    . . .      Spirit   .   g - +0 plate armour
rPois   .          Reflect  .   (no helmet)
rElec   .          Harm     .   o - +0 cloak
rCorr   .          Rampage  .   (no gloves)
Will    .....                   (no boots)
Stlth   ..........              (no amulet)
HPRegen 0.13/turn               (no ring)
MPRegen 0.09/turn               (no ring)

@: weak-willed
A: hooves 1, spiny 1, sharp scales 1
a: no special abilities


You were on level 4 of the Dungeon.
You visited 1 branch of the dungeon, and saw 4 of its levels.

You collected 216 gold pieces.

Inventory:

Hand Weapons
 a - a +0 war axe of freezing
 b - a +1 whip of draining (weapon)
Missiles
 i - 41 stones (quivered)
 k - 8 arrows
 q - 3 boomerangs
 r - 25 bolts
Armour
 c - a +0 buckler (worn)
 g - a +0 plate armour (worn)
 o - a +0 cloak (worn)
Magical Staves
 f - a staff of poison
Potions
 d - a potion of curing
 e - 2 potions of degeneration
 l - a potion of haste {unknown}


   Skills:
 - Level 3.0 Fighting
 - Level 3.4(4.2) Axes
 + Level 3.5(4.2) Maces & Flails
 - Level 2.6 Armour
 - Level 2.6 Shields


You had 4 spell levels left.
You didn't know any spells.
Your spell library contained the following spells:

 Spells                   Type           Power      Damage    Failure   Level
 Conjure Flame            Conj/Fire      0%         6-21      100%        3
 Ignite Poison            Fire/Tmut/Pois 0%         N/A       100%        3
 Leda's Liquefaction      Hex/Erth       0%         N/A       100%        4
 Sticky Flame             Conj/Fire      0%         2d3       100%        4
 Lee's Rapid Deconstruct  Erth           0%         3d5*      100%        5
 Statue Form              Tmut/Erth      0%         N/A       100%        6


Dungeon Overview and Level Annotations

Branches:
Dungeon (3/15)

Altars:
Kikubaaqudgha


Innate Abilities, Weirdness & Mutations

You have large cloven feet.
You are partially covered in sharp spines.
You are partially covered in razor-sharp scales. (AC +1, Slay +1)


Message History

A hound comes into view.
A hound is nearby!
A hound is nearby!
The hound barks!
You hear a shout!
You hear a bark!
A gnoll comes into view. It is wielding a +0 spear.
Found a leather armour.
The hound is struck by your spines. The hound barely misses you.
An adder comes into view.
Found 2 scrolls labelled EPHATO SOSEN and 13 gold pieces.
The adder hisses angrily.
The hound is struck by your spines. The hound bites you but does no damage.
Found an ancient bone altar of Kikubaaqudgha.
Found 24 gold pieces.
The hound is struck by your spines. The hound bites you.
Found 7 gold pieces.
Found a stone staircase leading down.
The adder is struck by your spines. The adder bites you.
The adder is struck by your spines. The adder bites you but does no damage.
The hound is struck by your spines. The hound bites you but does no damage.
As you read the scroll labelled VIDGHU OLUSS, it crumbles to dust.
Magic quickly surges around you.
It was a scroll of vulnerability.
The hound is struck by your spines.
You kill the hound!
The adder is struck by your spines. The adder bites you but does no damage.
The adder is struck by your spines. The adder bites you but does no damage.
You feel your dexterity returning.
As you read the scroll labelled VOAG AR ZAIB KIWN, it crumbles to dust.
The creatures around you are filled with an inner flame!
It was a scroll of immolation.
The adder bites you but does no damage.
As you read the scroll labelled ASODWA ZUNLAGROI, it crumbles to dust.
It is a scroll of identify.
d - 2 potions of curing The adder is struck by your spines.
Flame seeps out of the adder.
The adder bites you.
You are poisoned.
The adder poisons you!
You feel better.
The adder is engulfed in blazing flames.
The adder explodes!
The fiery explosion engulfs you!!
Ouch! That really hurt!
You die...

.### ..#$...
#..#.$... #..+.._..#
##########..#.$$..#.
.......§§§..#.....#.
.......@○§..#######.
.....?.§§§..........
......#.............
..>.................
...$.......g.....#
..
############.....#
... #.##...####.##
##.............
#.............#


You could see a gnoll (inner flame, weak-willed).

Vanquished Creatures
  A hound (D:4)
  Jessica (D:2)
  4 gnolls (D:2)
  4 adders
  2 worms (D:2)
  5 ball pythons
  3 bats
  6 endoplasms
  A giant cockroach (D:2)
  6 goblins
  4 hobgoblins
  A quokka (D:2)
  3 frilled lizards
  4 kobolds
  9 rats
  A spectral hobgoblin (D:2)
55 creatures vanquished.

Vanquished Creatures (others)
  7 fungi (D:3)
  5 toadstools (D:3)
12 creatures vanquished.

Grand Total: 67 creatures vanquished

Notes
Turn   | Place    | Note
-------+----------+-------------------------------------------
     0 | D:1      | dolemite99 the Demonspawn Fighter began the quest for the
                  | Orb.
     0 | D:1      | Reached XP level 1. HP: 18/18 MP: 1/1
   548 | D:1      | Gained mutation: You have large cloven feet. [demonic
                  | ancestry]
   548 | D:1      | Reached XP level 2. HP: 15/24 MP: 2/2
  1554 | D:2      | Gained mutation: You are partially covered in razor-sharp
                  | scales. (AC +1, Slay +1) [demonic ancestry]
  1554 | D:2      | Reached XP level 3. HP: 27/29 MP: 3/3
  1706 | D:2      | Reached skill level 1 in Maces & Flails
  1751 | D:2      | Noticed Jessica
  1762 | D:2      | Gained mutation: You are partially covered in sharp spines.
                  | [demonic ancestry]
  1762 | D:2      | Reached XP level 4. HP: 17/35 MP: 4/4
  1766 | D:2      | Killed Jessica
  2806 | D:2      | Found a faded altar of an unknown god.
  3368 | D:3      | Reached XP level 5. HP: 41/41 MP: 5/5
  3369 | D:3      | You fall into a shaft and drop 1 floor!
  3392 | D:4      | Found an ancient bone altar of Kikubaaqudgha.
  3400 | D:4      | Killed by an exploding adder... ignited by their inner
                  | flame

Illustrated notes

Levels and vault maps discovered:
D:1:      lightli_arrival_quake, layout_basic
D:2:      layout_basic, dreamdust_ecumenical_altar_drowned_temple, uniq_jessica
D:3:      layout_rooms, corexii_item_surrounded_by_moat,
          minmay_gold_behind_fungi
D:4:      layout_basic, amcnicky_altar_gilded, serial_curves, eino_curves_02,
          eino_curves_03, serial_shops, nicolae_shop_statue_plus

Skill      XL: |  1  2  3  4 |
---------------+-------------+-----
Axes           | 2 3 |  3.4
Maces & Flails | 1 3 |  3.5
Fighting       | |  3.0
Armour         | |  2.6
Shields        | |  2.6

Action                   |  1- 3 |  4- 6 || total
-------------------------+-------+-------++-------
Melee: War axe           |    50 |       ||    50
       Kick              |     5 |    11 ||    16
       Whip              |    18 |    37 ||    55
Throw: Stone             |    39 |     4 ||    43
       Dart              |       |    17 ||    17
  Use: Potion            |     1 |     2 ||     3
       Scroll            |       |     8 ||     8
Armor: Scale mail        |    14 |       ||    14
       Plate armour      |    17 |    21 ||    38
Dodge: Dodged            |    16 |     4 ||    20
Block: Buckler           |    11 |    11 ||    22

Table legend: (Time is in decaauts)
 A = Elapsed time spent in this place.
 B = Non-inter-level travel time spent in this place.
 C = Inter-level travel time spent in this place.
 D = Time resting spent in this place.
 E = Time spent auto-exploring this place.
 F = Levels seen in this place.
 G = Mean time per level.
                   A        B        C        D        E       F      G
               +--------+--------+--------+--------+--------+-----+--------+
         Total |   3429 |   3370 |     59 |   1383 |   1410 |   4 |  857.2 |
       Dungeon |   3429 |   3370 |     59 |   1383 |   1410 |   4 |  857.2 |
               +--------+--------+--------+--------+--------+-----+--------+

Top non-repeatable levels by time:
     D:2: 1544 daAuts
     D:1: 1486 daAuts
     D:3: 367 daAuts
     D:4: 31 daAuts
